Cogmind - Beta 9.2 @@@ ROGUE MODE // 2020.01.03 @ 00:37:53 Player: Fleshy Vegetable Bird Result: Destroyed by G-73 Enforcer with Heavy Laser Performance ------------- Evolutions (7) 3500 Regions Visited (21) 4200 Robots Destroyed (94) 470 Value Destroyed (2662) 2662 Prototype IDs (42) 840 Alien Tech Used (10) 2000 Bonus (9669) 9669 TOTAL SCORE: 23341 Bonus ------- Triggered Max Security 1000 High Alert Combat Kills 44 Follower Combat Kills 350 Met Data Miner 300 Found Hidden Lab 3000 Met Sigix 2000 Activated Exoskeleton 3000 Friendly Fire -25 Cogmind --------- Core Integrity 0/1300 Matter 200/300 Energy 348/350 System Corruption 0% Temperature Cool (9) Movement Core (50) Location -3/Section 7 Parts ------- > --- POWER (2) -------- (None) > --- PROPULSION (7) --- (None) > --- UTILITY (10) ----- Deep Network Scanner > --- WEAPON (2) ------- (None) > --- INVENTORY (4) ---- Warp Cannon Peak State ------------ > --- POWER ------------ Improved Ion Engine Light Fission Core > --- PROPULSION ------- Improved Cesium-ion Thruster Improved Cesium-ion Thruster Improved Cesium-ion Thruster Improved Cesium-ion Thruster Improved Cesium-ion Thruster Field Propulsion Drive Q-thruster > --- UTILITY ---------- Medium Storage Unit Advanced Energy Well Advanced Terrain Scanner Experimental Terrain Scan Processor Heavy Regenerative Plating Phase Armor Advanced Hacking Suite Deep Network Scanner > --- WEAPON ----------- Hypervelocity Railgun Chainsword > --- INVENTORY -------- Experimental Sensor Array Advanced Particle Charger Subatomic Replicator Warp Cannon Sigix Containment Pod [Rating: 142] Favorites ----------- Power Micro Nuclear Core Engine Improved Ion Engine Power Core Micro Nuclear Core Reactor Light Antimatter Reactor Propulsion Improved Cesium-ion Thruster Treads Light Treads Wheel Wheel Hover Unit Aerolev Unit Flight Unit Improved Cesium-ion Thruster Utility Large Storage Unit Device Advanced Terrain Scanner Storage Large Storage Unit Processor Advanced Terrain Scan Processor Hackware Hacking Suite Protection Improved Propulsion Shielding Artifact Phase Armor Weapon Chainsword Energy Gun EM Pulse Gun Energy Cannon EM Pulse Cannon Ballistic Gun Heavy Machine Gun Ballistic Cannon Assault Cannon Launcher Shock Bomb Launcher Impact Weapon Heavy Flail Slashing Weapon Chainsword Build | -11 -10 -10 -10 -9 -8 -7 -6 -6 -6 -6 -6 -6 -5 -5 -5 -4 -4 -4 -3 -3 -3 ------- Run | Scr Mat Min Exi Min Mat Fac Fac Was Fac Low Low Dat Pro Fac Ext Fac Arm Lab Res Qua Sec Slots Evolved 14 | . . . . . 4 2 2 . . . . . . 2 . 2 . . 2 . . Power 1 | . . . . . . 1 . . . . . . . . . . . . . . . Propulsion 5 | . . . . . 2 . . . . . . . . 2 . . . . 1 . . Utility 8 | . . . . . 2 1 2 . . . . . . . . 2 . . 1 . . Weapon . | . . . . . . . . . . . . . . . . . . . . . . Parts Attached 181 | 7 6 1 2 2 36 24 6 2 8 . . . 1 5 9 16 9 10 11 19 7 Power 22 | 1 1 . . . 3 3 1 1 1 . . . . 1 2 3 1 . 2 1 1 Engine 9 | 1 1 . . . 3 . . . . . . . . 1 . . . . 1 1 1 Core 10 | . . . . . . 3 1 1 1 . . . . . 2 1 1 . . . . Reactor 3 | . . . . . . . . . . . . . . . . 2 . . 1 . . Propulsion 36 | 3 . 1 1 1 15 9 . 1 1 . . . . 2 1 . . . 1 . . Treads 12 | . . . . . 10 2 . . . . . . . . . . . . . . . Leg . | . . . . . . . . . . . . . . . . . . . . . . Wheel 9 | 3 . 1 1 1 3 . . . . . . . . . . . . . . . . Hover 1 | . . . . . 1 . . . . . . . . . . . . . . . . Flight 14 | . . . . . 1 7 . 1 1 . . . . 2 1 . . . 1 . . Utility 81 | 1 3 . . . 5 7 3 . 4 . . . 1 2 6 12 7 6 8 12 4 Device 40 | . . . . . . 2 2 . 2 . . . . . 4 7 4 4 3 8 4 Storage 10 | 1 3 . . . 1 1 . . . . . . . . . . . . 2 2 . Processor 8 | . . . . . 2 1 1 . 1 . . . . . . 1 2 . . . . Hackware 9 | . . . . . . 1 . . 1 . . . 1 2 . 2 . 1 1 . . Protection 12 | . . . . . 2 2 . . . . . . . . 2 2 1 1 2 . . Artifact 2 | . . . . . . . . . . . . . . . . . . . . 2 . Weapon 42 | 2 2 . 1 1 13 5 2 . 2 . . . . . . 1 1 4 . 6 2 Energy Gun 6 | 1 . . . 1 2 1 . . . . . . . . . . . 1 . . . Energy Cannon 8 | . . . . . 2 1 . . . . . . . . . . . 1 . 2 2 Ballistic Gun 11 | 1 1 . 1 . . 1 1 . 1 . . . . . . . 1 2 . 2 . Ballistic Cannon 2 | . 1 . . . 1 . . . . . . . . . . . . . . . . Launcher 3 | . . . . . 2 . 1 . . . . . . . . . . . . . . Special Weapon . | . . . . . . . . . . . . . . . . . . . . . . Impact Weapon 4 | . . . . . 2 1 . . . . . . . . . . . . . 1 . Slashing Weapon 8 | . . . . . 4 1 . . 1 . . . . . . 1 . . . 1 . Piercing Weapon . | . . . . . . . . . . . . . . . . . . . . . . Special Melee Weapon . | . . . . . . . . . . . . . . . . . . . . . . Unidentified Prototypes 26 | . . . . . 4 2 1 . . . . . . . 1 1 1 6 1 5 4 Parts Lost 38 | . 3 1 . 2 11 1 . 1 . . . . . . 3 1 2 . . 2 11 Power 5 | . 1 . . . 1 . . . . . . . . . 1 . 1 . . . 1 Propulsion 14 | . . 1 . 1 5 1 . . . . . . . . . . . . . . 6 Utility 10 | . . . . . 1 . . . . . . . . . 2 1 1 . . 1 4 Weapon 9 | . 2 . . 1 4 . . 1 . . . . . . . . . . . 1 . Highest Loss Streak 7 | . 2 1 . 2 7 1 . 1 . . . . . . 1 1 1 . . 1 6 Average Slot Usage (%) 95 | . 99 96 100 100 93 91 100 95 99 100 100 100 100 97 98 99 99 96 94 91 56 Engine 5 | . 13 14 14 14 8 4 . . . . . . . 4 2 . . . . 3 3 Core 4 | . . . . . . 5 13 13 13 13 13 13 13 5 7 6 9 10 6 4 1 Treads 6 | . . . . . 23 18 . . . . . . . . . . . . . . . Wheel 7 | . 28 24 28 28 7 . . . . . . . . . . . . . . . . Flight 15 | . . . . . . 11 26 26 26 26 26 26 26 32 34 31 31 31 33 33 18 Device 6 | . . . . . . 2 13 13 13 13 13 13 13 11 9 18 19 14 11 9 7 Storage 14 | . 27 28 28 28 22 17 6 6 6 6 6 6 6 5 5 5 5 5 6 8 5 Processor 6 | . . . . . 9 1 13 13 13 13 13 13 13 11 9 8 10 6 4 4 4 Hackware 4 | . . . . . . 6 6 6 6 6 6 6 6 8 7 6 5 7 9 9 7 Protection 4 | . . . . . 4 6 6 6 6 6 6 6 6 1 4 5 5 10 9 6 1 Energy Gun 1 | . 2 . . 3 3 3 . . . . . . . . . . . . . . . Energy Cannon 1 | . . . . . 4 2 . . . . . . . . . . . . . . . Ballistic Gun 6 | . 17 28 28 24 . 1 6 2 5 6 6 6 6 5 5 5 5 2 4 3 . Ballistic Cannon 1 | . 8 . . . 3 . . . . . . . . . . . . . . . . Slashing Weapon 3 | . . . . . 3 2 6 6 6 6 6 6 6 5 5 5 5 5 4 3 2 Naked Turns . | . . . . . . . . . . . . . . . . . . . . . . Heaviest Build 67 | 12 42 41 41 40 59 64 28 28 32 32 32 32 32 35 39 43 43 44 67 62 56 Greatest Support 83 | 26 20 20 20 20 80 83 28 30 32 32 32 32 32 49 49 49 49 49 60 60 60 Greatest Overweight (x) 12 | 1 2 4 2 1 12 1 1 . . . . . . . 1 . 1 . 1 1 1 Average Overweight (x) . | . 1 2 1 1 . . . . . . . . . . . . . . . . . Largest Inventory Capacity 20 | 6 16 16 16 16 20 20 8 8 8 8 8 8 8 8 8 8 8 8 8 8 8 Average Capacity 12 | 5 13 16 16 16 17 15 8 8 8 8 8 8 8 8 8 8 8 8 8 8 6 Most Carried 20 | 5 11 16 16 16 20 20 8 8 8 8 8 8 8 8 8 8 8 8 8 8 8 Average Carried 11 | 2 8 14 15 15 16 15 7 7 7 7 8 8 7 7 7 7 7 7 7 7 5 Final Capacity 20 | 6 16 16 16 16 20 8 8 8 8 8 8 8 8 8 8 8 8 8 8 8 4 Final Carried 20 | 5 10 16 16 15 20 8 8 8 8 8 8 8 8 8 8 8 8 8 8 7 1 Class Distribution -------------------- 20% | Mutant 15% | Scout 15% | Hauler-Mutant 15% | Hacker-Sprinter 13% | Scavenger-Mutant 5% | Scavenger-Scout 4% | Hacker-Scout 3% | Sprinter Dominant Class ---------------- Mutant | -10/Materials Mutant | -10/Mines Scavenger-Mutant | -10/Exiles Scavenger-Mutant | -9/Mines Hauler-Mutant | -8/Materials Hauler-Mutant | -7/Factory Scavenger-Scout | -6/Factory Scavenger-Scout | -6/Waste Scout | -6/Factory Scout | -6/Lower Caves Scout | -6/Lower Caves Scout | -6/Data Miner Scout | -5/Proximity Caves Hacker-Scout | -5/Factory Sprinter | -5/Extension Scavenger-Scout | -4/Factory Mechanic-Scout | -4/Armory Scavenger-Sprinter | -4/Lab Hacker-Sprinter | -3/Research Hacker-Sprinter | -3/Quarantine Hacker-Mutant | -3/Section 7 Resources | -11 -10 -10 -10 -9 -8 -7 -6 -6 -6 -6 -6 -6 -5 -5 -5 -4 -4 -4 -3 -3 -3 ----------- Run | Scr Mat Min Exi Min Mat Fac Fac Was Fac Low Low Dat Pro Fac Ext Fac Arm Lab Res Qua Sec Matter Collected 2694 | 230 452 72 . 58 629 224 . . . 63 79 . 54 . 134 113 21 . 324 241 . Remotely . | . . . . . . . . . . . . . . . . . . . . . . Salvage Created 4248 | 137 800 90 . 29 1522 337 112 . 20 79 . . 52 . 173 272 . . 342 283 . Parts 208 | 10 42 6 . 3 77 14 . . 5 4 . . 1 . 6 14 . . 17 9 . Haulers Intercepted 14 | . 2 . . . 5 4 1 . . . . . . . . 2 . . . . . Recyclers Shooed 2 | . . . . . 1 . . . . . . . . . . . . . . 1 . Parts Field Recycled . | . . . . . . . . . . . . . . . . . . . . . . Retrieved Matter . | . . . . . . . . . . . . . . . . . . . . . . Parts Self-Destructed 6 | . . . . . . . . . . 2 . . 4 . . . . . . . . Prevented . | . . . . . . . . . . . . . . . . . . . . . . Kills | -11 -10 -10 -10 -9 -8 -7 -6 -6 -6 -6 -6 -6 -5 -5 -5 -4 -4 -4 -3 -3 -3 ------- Run | Scr Mat Min Exi Min Mat Fac Fac Was Fac Low Low Dat Pro Fac Ext Fac Arm Lab Res Qua Sec Combat Hostiles Destroyed 50 | . 13 4 . 4 24 1 . . . 1 . . 1 . 2 . . . . . . Melee 7 | . . . . . 3 . . . . 1 . . 1 . 2 . . . . . . Guns 12 | . 4 4 . 3 1 . . . . . . . . . . . . . . . . Cannons 24 | . 9 . . . 14 1 . . . . . . . . . . . . . . . AOE 5 | . . . . 1 4 . . . . . . . . . . . . . . . . Classes Destroyed 12 | 2 5 1 . 1 2 . . . . 1 . . . . . . . . . . . Worker 5 | . 1 . . . 1 . . . . . . . . . . 1 . . 2 . . Builder 1 | . . . . . 1 . . . . . . . . . . . . . . . . Tunneler 4 | 2 1 . . . 1 . . . . . . . . . . . . . . . . Hauler 14 | . 2 . . . 5 4 1 . . . . . . . . 2 . . . . . Recycler 8 | 1 1 . . . 2 . . . . . . . . . . . . . 2 2 . Operator 5 | . 2 . . . 2 . . . . . . . . . . 1 . . . . . Watcher 7 | . 1 . . . 1 1 . . 1 . . . . . . 1 . . 1 1 . Swarmer 9 | . . 3 . 2 4 . . . . . . . . . . . . . . . . Grunt 26 | . 13 1 . . 10 1 . . . . . . 1 . . . . . . . . Sentry 12 | . . . . . 10 . . . . . . . . . 2 . . . . . . Demolisher 2 | . . . . 2 . . . . . . . . . . . . . . . . . Mutant 1 | . . . . . . . . . . 1 . . . . . . . . . . . Best Kill Streak 6 | 2 5 3 . 2 6 2 1 . 1 1 . . 1 . 1 3 . . 2 1 . Combat Bots Only 5 | . 2 3 . 2 5 1 . . . 1 . . 1 . 1 . . . . . . Max Kills in Single Turn 2 | 1 1 1 . 1 2 1 1 . 1 1 . . 1 . 1 1 . . 1 1 . Gunslinging . | . . . . . . . . . . . . . . . . . . . . . . Exploded 1 | . . . . 1 1 . . . . . . . . . . . . . . . . Melee 1 | . . . . . 1 . . . . 1 . . 1 . 1 . . . . . . Uniques/NPCs Destroyed . | . . . . . . . . . . . . . . . . . . . . . . Combat | -11 -10 -10 -10 -9 -8 -7 -6 -6 -6 -6 -6 -6 -5 -5 -5 -4 -4 -4 -3 -3 -3 -------- Run | Scr Mat Min Exi Min Mat Fac Fac Was Fac Low Low Dat Pro Fac Ext Fac Arm Lab Res Qua Sec Damage Taken 7107 | . 539 132 . 239 2251 124 11 34 . . . . 59 31 370 98 243 . 133 982 1861 Core 1868 | . 107 44 . 53 323 17 . . . . . . . 16 30 21 39 . . 121 1097 Absorbed by Shields 60 | . . . . . . . . . . . . . . . 60 . . . . . . Core Remaining (%) 78 | 100 . . . 18 41 97 . . . . . . 100 . 95 . . 100 . . . Volleys Fired 182 | 7 51 8 . 9 88 7 . . . . . . . . 1 . 3 . . 7 1 Largest 2 | 1 2 2 . 2 2 2 . . . . . . . . 1 . 1 . . 1 1 Hottest 107 | 20 60 40 . 60 107 103 . . . . . . . . 30 . 30 . . 100 100 Shots Fired 293 | 7 101 16 . 14 126 14 . . . . . . . . 4 . 3 . . 7 1 Gun 149 | 7 65 16 . 14 28 7 . . . . . . . . 4 . 3 . . 5 . Cannon 133 | . 36 . . . 87 7 . . . . . . . . . . . . . 2 1 Launcher 11 | . . . . . 11 . . . . . . . . . . . . . . . . Special . | . . . . . . . . . . . . . . . . . . . . . . Kinetic 188 | 7 93 16 . 11 49 . . . . . . . . . 4 . 3 . . 5 . Thermal 23 | . 8 . . . 12 . . . . . . . . . . . . . . 2 1 Explosive 4 | . . . . . 4 . . . . . . . . . . . . . . . . Electromagnetic 78 | . . . . 3 61 14 . . . . . . . . . . . . . . . Robot Hit Streak 9 | 4 9 4 . 4 9 7 . . . . . . . . 2 . 3 . . 4 . Robot Miss Streak 4 | 1 3 2 . 4 2 3 . . . . . . . . 1 . . . . . . Penetration Max 1 | . . . . . . . . . . . . . . . . . 1 . . . . Secondary Targets 1 | . 1 . . . . . . . . . . . . . . . . . . . . Max Gunslinging Chain 1 | . 1 . . . . . . . . . . . . . . . . . . . . Shots Hit Robots 266 | 6 69 11 . 5 108 14 4 . 2 1 . . 1 1 9 9 1 . 9 13 3 Core Hits 132 | 4 35 4 . 4 53 7 2 . 1 1 . . 1 . 5 6 1 . 4 3 1 Critical Hits 6 | . . . . . 1 1 . . . . . . . . . 1 . . 2 1 . Critical Kills 2 | . . . . . . . . . . . . . . . . 1 . . 1 . . Critical Parts Destroyed 4 | . . . . . 1 1 . . . . . . . . . . . . 1 1 . Melee Attacks 257 | . . . . . 37 15 8 . 9 3 5 . 11 20 15 14 23 9 32 46 10 Impact 15 | . . . . . 8 7 . . . . . . . . . . . . . . . Slashing 242 | . . . . . 29 8 8 . 9 3 5 . 11 20 15 14 23 9 32 46 10 Piercing . | . . . . . . . . . . . . . . . . . . . . . . Sneak Attacks 17 | . . . . . 1 3 2 . . . . . . . 1 3 . . 4 3 . Combat Hostiles 1 | . . . . . . . . . . . . . . . 1 . . . . . . Follow-up Attacks 1 | . . . . . 1 . . . . . . . . . . . . . . . . Damage Inflicted 8607 | 78 1117 116 . 167 3283 664 266 . 80 47 . . 51 58 373 612 42 . 711 827 115 Guns 1345 | 78 659 116 . 79 310 36 . . . . . . . . 25 . 42 . . . . Cannons 2081 | . 458 . . . 1421 158 . . . . . . . . . . . . . 44 . Explosions 843 | . . . . 88 672 83 . . . . . . . . . . . . . . . Melee 4338 | . . . . . 880 387 266 . 80 47 . . 51 58 348 612 . . 711 783 115 Ramming . | . . . . . . . . . . . . . . . . . . . . . . Kinetic 2194 | 78 1037 116 . 57 839 . . . . . . . . . 25 . 42 . . . . Thermal 482 | . 80 . . 88 187 83 . . . . . . . . . . . . . 44 . Explosive 243 | . . . . . 243 . . . . . . . . . . . . . . . . Electromagnetic 1350 | . . . . 22 1134 194 . . . . . . . . . . . . . . . Impact 126 | . . . . . 126 . . . . . . . . . . . . . . . . Slashing 4212 | . . . . . 754 387 266 . 80 47 . . 51 58 348 612 . . 711 783 115 Piercing . | . . . . . . . . . . . . . . . . . . . . . . Highest Corruption 5 | . . . . . . 1 . . . . . . . . 5 . . . . . . Average Corruption 2 | . . . . . . 1 . . . . . . . . 5 . . . . . . Corruption Purged . | . . . . . . . . . . . . . . . . . . . . . . Effects 6 | . . . . . . 1 . . . . . . . . 5 . . . . . . Energy Discharges 1 | . . . . . . 1 . . . . . . . . . . . . . . . Misfires 3 | . . . . . . . . . . . . . . . 3 . . . . . . Targeting Errors 2 | . . . . . . . . . . . . . . . 2 . . . . . . Overload Shots . | . . . . . . . . . . . . . . . . . . . . . . Overflow Damage 422 | . . . . . 55 . . . 6 . . . . 23 . . . . 106 231 1 Projectiles 40 | . . . . . 9 . . . . . . . . . . . . . . 31 . Explosions 3 | . . . . . 3 . . . . . . . . . . . . . . . . Melee 379 | . . . . . 43 . . . 6 . . . . 23 . . . . 106 200 1 Knockbacks 13 | . 6 . . . 7 . . . . . . . . . . . . . . . . Impact 1 | . . . . . 1 . . . . . . . . . . . . . . . . Kinetic 12 | . 6 . . . 6 . . . . . . . . . . . . . . . . Secondary . | . . . . . . . . . . . . . . . . . . . . . . Self-Inflicted Damage 103 | . . . . . 71 32 . . . . . . . . . . . . . . . Shots 4 | . . . . . 3 1 . . . . . . . . . . . . . . . Rammed . | . . . . . . . . . . . . . . . . . . . . . . Targets Rammed . | . . . . . . . . . . . . . . . . . . . . . . Kicked . | . . . . . . . . . . . . . . . . . . . . . . Crushed . | . . . . . . . . . . . . . . . . . . . . . . Highest Temperature 407 | . 36 . . 20 180 129 3 . 15 18 18 10 10 64 209 201 208 238 310 407 353 Average Temperature 68 | . 11 . . 15 50 20 3 . 5 6 6 5 3 20 72 52 51 88 105 150 227 Received Heat Transfer 1309 | . 297 . . . 648 27 . . . . . . . . 67 27 9 . 18 60 156 Effects 10 | . . . . . . . . . . . . . . . . . . . . 4 6 Shutdowns 2 | . . . . . . . . . . . . . . . . . . . . 2 . Energy Bleed 1 | . . . . . . . . . . . . . . . . . . . . 1 . Interference 5 | . . . . . . . . . . . . . . . . . . . . 1 4 Short Circuit 2 | . . . . . . . . . . . . . . . . . . . . . 2 Siege Activations . | . . . . . . . . . . . . . . . . . . . . . . Robots Corrupted 2 | . . . . . 2 . . . . . . . . . . . . . . . . Combat Hostiles 2 | . . . . . 2 . . . . . . . . . . . . . . . . Parts Fried 11 | . . . . . 9 2 . . . . . . . . . . . . . . . Impact Corruptions 2 | . . . . . 2 . . . . . . . . . . . . . . . . Robots Melted . | . . . . . . . . . . . . . . . . . . . . . . Combat Hostiles . | . . . . . . . . . . . . . . . . . . . . . . Parts Melted . | . . . . . . . . . . . . . . . . . . . . . . Heat Transferred 758 | . 175 . . 50 396 100 . . . . . . . . . . . . . 37 . Parts Sabotaged . | . . . . . . . . . . . . . . . . . . . . . . Parts Stolen . | . . . . . . . . . . . . . . . . . . . . . . Parts Stripped . | . . . . . . . . . . . . . . . . . . . . . . Power Chain Reactions 4 | . . . . 1 1 2 . . . . . . . . . . . . . . . Missiles Intercepted . | . . . . . . . . . . . . . . . . . . . . . . Alert | -11 -10 -10 -10 -9 -8 -7 -6 -6 -6 -6 -6 -6 -5 -5 -5 -4 -4 -4 -3 -3 -3 ------- Run | Scr Mat Min Exi Min Mat Fac Fac Was Fac Low Low Dat Pro Fac Ext Fac Arm Lab Res Qua Sec Peak Influence 1615 | 15 334 273 . 200 530 269 235 97 539 . . . . 177 246 213 486 . 222 325 1615 Average Influence 194 | 5 172 212 . 145 224 198 141 87 372 . . . . 102 129 151 212 . 84 168 440 Maximum Alert Level 5 | . 1 1 . 1 2 1 1 . 2 . . . . . 1 1 2 . 1 1 5 Low Security (%) 60 | 100 51 50 . 72 45 26 82 100 24 . . . . 100 80 99 61 . 94 65 80 Level 1 31 | . 48 49 . 27 46 73 17 . 3 . . . . . 19 . 21 . 5 34 . Level 2 6 | . . . . . 8 . . . 71 . . . . . . . 16 . . . . Level 3 . | . . . . . . . . . . . . . . . . . . . . . . Level 4 . | . . . . . . . . . . . . . . . . . . . . . . Level 5 . | . . . . . . . . . . . . . . . . . . . . . . High Security . | . . . . . . . . . . . . . . . . . . . . . . Max Security . | . . . . . . . . . . . . . . . . . . . . . 19 Squads Dispatched 31 | . 4 . . . 4 2 2 . 3 . . . . 1 1 2 1 . 2 1 8 Investigation 11 | . 2 . . . 1 . . . 2 . . . . 1 1 1 . . 2 1 . Extermination 3 | . . . . . . . . . 1 . . . . . . 1 1 . . . . Reinforcement 10 | . 2 . . . 2 2 2 . . . . . . . . . . . . . 2 Assault 7 | . . . . . 1 . . . . . . . . . . . . . . . 6 Garrison . | . . . . . . . . . . . . . . . . . . . . . . Intercept . | . . . . . . . . . . . . . . . . . . . . . . Construction Impeded . | . . . . . . . . . . . . . . . . . . . . . . Haulers Reinforced 3 | . . . . . . 2 1 . . . . . . . . . . . . . . Stealth | -11 -10 -10 -10 -9 -8 -7 -6 -6 -6 -6 -6 -6 -5 -5 -5 -4 -4 -4 -3 -3 -3 --------- Run | Scr Mat Min Exi Min Mat Fac Fac Was Fac Low Low Dat Pro Fac Ext Fac Arm Lab Res Qua Sec Distress Signals 11 | . . . . . 4 1 . . . . . . . . . 1 . . 1 3 1 Communications Jammed . | . . . . . . . . . . . . . . . . . . . . . . Distress Signals . | . . . . . . . . . . . . . . . . . . . . . . Times Spotted 282 | . 21 6 . 10 71 14 6 6 2 6 1 . 8 8 22 15 14 . 13 34 25 Peak Tracking Total 20 | . 4 3 . 4 10 9 6 6 2 3 2 . 5 6 9 14 9 . 5 18 20 Tactical Retreats 52 | . 2 . . . 13 3 1 . 1 2 1 . 2 . 5 2 3 . 5 10 2 Traps | -11 -10 -10 -10 -9 -8 -7 -6 -6 -6 -6 -6 -6 -5 -5 -5 -4 -4 -4 -3 -3 -3 ------- Run | Scr Mat Min Exi Min Mat Fac Fac Was Fac Low Low Dat Pro Fac Ext Fac Arm Lab Res Qua Sec Traps Triggered 14 | . 1 1 . . 1 1 1 . 1 . . . . 2 1 1 1 . 3 . . Indirectly . | . . . . . . . . . . . . . . . . . . . . . . Trap Hack Attempts . | . . . . . . . . . . . . . . . . . . . . . . Triggered . | . . . . . . . . . . . . . . . . . . . . . . Disarmed . | . . . . . . . . . . . . . . . . . . . . . . Reprogrammed . | . . . . . . . . . . . . . . . . . . . . . . Reused . | . . . . . . . . . . . . . . . . . . . . . . Traps Extracted . | . . . . . . . . . . . . . . . . . . . . . . Installed . | . . . . . . . . . . . . . . . . . . . . . . Triggered 3 | . . . . . . . . . . . 1 . 2 . . . . . . . . Exploded 3 | . . . . . 3 . . . . . . . . . . . . . . . . Machines | -11 -10 -10 -10 -9 -8 -7 -6 -6 -6 -6 -6 -6 -5 -5 -5 -4 -4 -4 -3 -3 -3 ---------- Run | Scr Mat Min Exi Min Mat Fac Fac Was Fac Low Low Dat Pro Fac Ext Fac Arm Lab Res Qua Sec Machines Disabled 28 | . 1 . . . 6 1 . . . . . . . 1 . . 5 3 . 6 5 Max in Single Turn 1 | . 1 . . . 1 1 . . . . . . . 1 . . 1 1 . 1 1 Garrison Access 2 | . . . . . 1 . . . 1 . . . . . . . . . . . . Machines Sabotaged . | . . . . . . . . . . . . . . . . . . . . . . Garrisons Compromised . | . . . . . . . . . . . . . . . . . . . . . . Overloaded Fab Kills . | . . . . . . . . . . . . . . . . . . . . . . Fab Network Shutdowns 2 | . . . . . . . . . 1 . . . . . . . 1 . . . . Hacking | -11 -10 -10 -10 -9 -8 -7 -6 -6 -6 -6 -6 -6 -5 -5 -5 -4 -4 -4 -3 -3 -3 --------- Run | Scr Mat Min Exi Min Mat Fac Fac Was Fac Low Low Dat Pro Fac Ext Fac Arm Lab Res Qua Sec Machines Accessed 118 | . 6 1 1 . 11 10 6 . 12 . 1 4 . 9 12 6 8 1 10 16 4 Terminals 77 | . 5 . . . 7 8 2 . 6 . . . . 6 11 1 7 . 5 15 4 Fabricators 11 | . . . . . . 1 1 . 1 . . . . 2 . 3 1 . 2 . . Repair Stations 6 | . . . . . . . . . 2 . . . . 1 1 1 . . 1 . . Recycling Units 3 | . 1 . . . 1 . . . 1 . . . . . . . . . . . . Scanalyzers 9 | . . . . . 2 1 2 . 1 . . . . . . 1 . . 1 1 . Garrison Access 4 | . . . . . 1 . 1 . 1 . . . . . . . . . 1 . . Total Hacks 364 | . 12 1 23 . 36 37 14 . 32 . 1 28 . 26 35 19 26 1 23 38 12 Successful 236 | . 5 1 23 . 17 23 5 . 18 . 1 28 . 14 25 8 18 1 11 28 10 Failed 126 | . 7 . . . 19 14 9 . 14 . . . . 11 9 11 8 . 12 10 2 Catastrophic 22 | . 2 . . . 4 1 3 . 4 . . . . 3 2 2 . . 1 . . Database Lockouts 4 | . . . . . . . . . . . . . . 2 2 . . . . . . Manual 205 | . 12 . . . 30 23 5 . 18 . . . . 20 31 2 18 . 11 26 9 Terminals 223 | . 11 . . . 29 24 5 . 18 . . . . 18 33 2 24 . 11 36 12 Fabricators 33 | . . . . . . 2 3 . 3 . . . . 5 . 11 2 . 7 . . Repair Stations 14 | . . . . . . . . . 5 . . . . 3 2 2 . . 2 . . Recycling Units 3 | . 1 . . . 1 . . . 1 . . . . . . . . . . . . Scanalyzers 31 | . . . . . 5 11 4 . 4 . . . . . . 4 . . 1 2 . Garrison Access 6 | . . . . . 1 . 2 . 1 . . . . . . . . . 2 . . Terminal Hacks 104 | . 1 1 23 . 6 1 . . 6 . 1 28 . 3 9 . 7 1 1 11 5 Record 41 | . . . 23 . . . . . . . . 11 . . . . 1 1 . 5 . Part Schematic 21 | . . . . . 1 . . . 3 . . 7 . 3 6 . 1 . . . . Robot Schematic 7 | . . . . . . . . . . . . 7 . . . . . . . . . Robot Analysis 1 | . . . . . 1 . . . . . . . . . . . . . . . . Prototype ID Bank 7 | . . . . . 1 . . . . . . 3 . . 1 . 1 . . . 1 Open Door 5 | . . 1 . . . . . . . . 1 . . . . . . . . 2 1 Level Access Points 2 | . . . . . . . . . . . . . . . . . 1 . . . 1 Branch Access Points 2 | . . . . . . . . . 1 . . . . . . . . . 1 . . Machine Index 1 | . . . . . . . . . . . . . . . . . . . . 1 . Terminal Index 7 | . . . . . 1 1 . . 1 . . . . . 1 . 1 . . 1 1 Recycling Unit Index 1 | . . . . . 1 . . . . . . . . . . . . . . . . Scanalyzer Index 1 | . . . . . 1 . . . . . . . . . . . . . . . . Unreport Threat 1 | . . . . . . . . . . . . . . . . . 1 . . . . Maintenance Status 1 | . . . . . . . . . . . . . . . . . . . . 1 . Transport Status 1 | . . . . . . . . . . . . . . . . . . . . 1 . Recall Investigation 1 | . 1 . . . . . . . . . . . . . . . . . . . . Recall Extermination 2 | . . . . . . . . . 1 . . . . . . . 1 . . . . Registered Prototypes 1 | . . . . . . . . . . . . . . . 1 . . . . . . Activate Exoskeleton 1 | . . . . . . . . . . . . . . . . . . . . . 1 Fabricator Hacks 21 | . . . . . . 2 2 . 2 . . . . 4 . 4 2 . 5 . . Load Schematic 12 | . . . . . . 1 1 . 1 . . . . 2 . 3 1 . 3 . . Build 9 | . . . . . . 1 1 . 1 . . . . 2 . 1 1 . 2 . . Repair Station Hacks 9 | . . . . . . . . . 1 . . . . 2 2 2 . . 2 . . Scan Component 5 | . . . . . . . . . 1 . . . . 1 1 1 . . 1 . . Repair 4 | . . . . . . . . . . . . . . 1 1 1 . . 1 . . Recycling Unit Hacks . | . . . . . . . . . . . . . . . . . . . . . . Scanalyzer 23 | . . . . . 4 11 1 . 3 . . . . . . 2 . . . 2 . Insert Component 11 | . . . . . 2 5 1 . 1 . . . . . . 1 . . . 1 . Analyze 12 | . . . . . 2 6 . . 2 . . . . . . 1 . . . 1 . Garrison Access Hacks 2 | . . . . . 1 . . . 1 . . . . . . . . . . . . Seal Access 2 | . . . . . 1 . . . 1 . . . . . . . . . . . . Unauthorized Hacks 198 | . 12 . . . 22 26 5 . 13 . . . . 11 31 2 21 . 8 36 11 Terminals 75 | . 3 . . . 6 9 2 . 4 . . . . 5 14 . 9 . 3 15 5 Track 24 | . 1 . . . 2 2 . . . . . . . 1 5 . 3 . . 9 1 Assimilate 5 | . . . . . . 1 . . . . . . . 2 . . . . . 1 1 Botnet 40 | . 1 . . . 4 5 2 . 4 . . . . 2 7 . 5 . 3 4 3 Disrupt 4 | . . . . . . . . . . . . . . . 2 . 1 . . 1 . Operators 2 | . 1 . . . . 1 . . . . . . . . . . . . . . . Fabricators . | . . . . . . . . . . . . . . . . . . . . . . Repair Stations . | . . . . . . . . . . . . . . . . . . . . . . Recycling Units 2 | . 1 . . . . . . . 1 . . . . . . . . . . . . Tunnel 2 | . 1 . . . . . . . 1 . . . . . . . . . . . . Scanalyzers . | . . . . . . . . . . . . . . . . . . . . . . Garrison Access . | . . . . . . . . . . . . . . . . . . . . . . Data Cores Recovered . | . . . . . . . . . . . . . . . . . . . . . . Used . | . . . . . . . . . . . . . . . . . . . . . . Hacking Detections 97 | . 5 . . . 10 9 6 . 10 . . . . 7 8 6 8 . 9 15 4 Full Trace Events 5 | . . . . . . . . . 1 . . . . . . 1 . . 2 1 . Feedback Events . | . . . . . . . . . . . . . . . . . . . . . . Feedback Blocked . | . . . . . . . . . . . . . . . . . . . . . . Robot Schematics Acquired 7 | . . . . . . . . . . . . 7 . . . . . . . . . Robots Built . | . . . . . . . . . . . . . . . . . . . . . . Matter . | . . . . . . . . . . . . . . . . . . . . . . Time . | . . . . . . . . . . . . . . . . . . . . . . Total Robot Build Rating . | . . . . . . . . . . . . . . . . . . . . . . Part Schematics Acquired 30 | . . . . . 3 5 . . 4 . . 7 . 3 5 1 1 . . 1 . Parts Built 10 | . . . . . . 1 1 . 1 . . . . 2 . 1 1 . 3 . . Matter 2170 | . . . . . . 219 146 . 252 . . . . 442 . 285 285 . 541 . . Time 647 | . . . . . . 116 36 . 134 . . . . 91 . 76 76 . 118 . . Total Part Build Rating 50 | . . . . . . 3 3 . 4 . . . . 9 . 5 5 . 21 . . Parts Repaired 3 | . . . . . . . . . . . . . . 1 1 1 . . . . . Time 205 | . . . . . . . . . . . . . . 95 35 19 . . 56 . . Parts Recycled . | . . . . . . . . . . . . . . . . . . . . . . Recycled Matter . | . . . . . . . . . . . . . . . . . . . . . . Retrieved Matter . | . . . . . . . . . . . . . . . . . . . . . . Retrieved Components . | . . . . . . . . . . . . . . . . . . . . . . Parts Scanalyzed 11 | . . . . . 2 5 1 . 1 . . . . . . 1 . . . 1 . Part Schematics Acquired 10 | . . . . . 2 5 . . 1 . . . . . . 1 . . . 1 . Parts Damaged . | . . . . . . . . . . . . . . . . . . . . . . Bothacking | -11 -10 -10 -10 -9 -8 -7 -6 -6 -6 -6 -6 -6 -5 -5 -5 -4 -4 -4 -3 -3 -3 ------------ Run | Scr Mat Min Exi Min Mat Fac Fac Was Fac Low Low Dat Pro Fac Ext Fac Arm Lab Res Qua Sec Used RIF Installer . | . . . . . . . . . . . . . . . . . . . . . . Robots Hacked . | . . . . . . . . . . . . . . . . . . . . . . Non-combat . | . . . . . . . . . . . . . . . . . . . . . . Combat . | . . . . . . . . . . . . . . . . . . . . . . Robot Hacks Applied . | . . . . . . . . . . . . . . . . . . . . . . Relay Couplers Released . | . . . . . . . . . . . . . . . . . . . . . . Robots Rewired 7 | . . . . . . . . . . 3 . . . . . . 4 . . . . Allies Hacked 2 | . . . . . . . . . . . . . . . . . 2 . . . . Hacks Repelled . | . . . . . . . . . . . . . . . . . . . . . . Allies | -11 -10 -10 -10 -9 -8 -7 -6 -6 -6 -6 -6 -6 -5 -5 -5 -4 -4 -4 -3 -3 -3 -------- Run | Scr Mat Min Exi Min Mat Fac Fac Was Fac Low Low Dat Pro Fac Ext Fac Arm Lab Res Qua Sec Total Allies 26 | . . 3 . . . 1 . 1 . 3 . . 1 2 8 . 4 . . 1 2 Largest Group 5 | . . 3 3 3 . 1 . 1 . 2 . . 1 2 5 . 4 . . 1 1 Highest-Rated Group 1075 | . . 40 40 40 . 26 . 31 . 62 . . 94 52 238 . 120 . . 44 1075 Highest-Rated Ally 1075 | . . 16 16 16 . 26 . 31 . 31 . . 94 26 156 . 30 . . 44 1075 Total Orders 6 | . . . . . . . . . . . . . . 3 . . 2 . . 1 . STAY 1 | . . . . . . . . . . . . . . 1 . . . . . . . GOTO 4 | . . . . . . . . . . . . . . 1 . . 2 . . 1 . FOLLOW 1 | . . . . . . . . . . . . . . 1 . . . . . . . Ally Attacks 129 | . . 6 . 15 . . . . . 29 . . 9 . 56 . 3 . . . 11 Total Damage 2652 | . . 79 . 125 . . . . . 401 . . 286 . 1152 . 34 . . . 575 Kills 21 | . . 3 . 6 . . . . . 2 . . 2 . 8 . . . . . . Allies Corrupted 1 | . . . . . . . . . . . . . . . . . 1 . . . . Allies Melted . | . . . . . . . . . . . . . . . . . . . . . . Intel | -11 -10 -10 -10 -9 -8 -7 -6 -6 -6 -6 -6 -6 -5 -5 -5 -4 -4 -4 -3 -3 -3 ------- Run | Scr Mat Min Exi Min Mat Fac Fac Was Fac Low Low Dat Pro Fac Ext Fac Arm Lab Res Qua Sec Robot Analysis Total 1 | . . . . . 1 . . . . . . . . . . . . . . . . Derelict Logs Recovered 4 | . . . . . . . . . . 2 2 . . . . . . . . . . Drone Launches 2 | . . . . . . . . . 2 . . . . . . . . . . . . Drone Recoveries . | . . . . . . . . . . . . . . . . . . . . . . Exploration | -11 -10 -10 -10 -9 -8 -7 -6 -6 -6 -6 -6 -6 -5 -5 -5 -4 -4 -4 -3 -3 -3 ------------- Run | Scr Mat Min Exi Min Mat Fac Fac Was Fac Low Low Dat Pro Fac Ext Fac Arm Lab Res Qua Sec Turns Passed 8618 | 91 745 334 166 432 2049 543 243 29 413 274 165 22 196 430 397 289 365 93 460 606 276 Spaces Moved 10108 | 71 565 238 153 324 1124 613 544 92 773 555 507 83 299 546 499 398 433 191 663 836 601 Core 124 | 13 . . . . 4 . . . . . . . . . . . . . . . 107 Treads 895 | . . . . . 735 160 . . . . . . . . . . . . . . . Legs . | . . . . . . . . . . . . . . . . . . . . . . Wheels 1723 | 58 565 238 153 324 385 . . . . . . . . . . . . . . . . Hover . | . . . . . . . . . . . . . . . . . . . . . . Flight 7366 | . . . . . . 453 544 92 773 555 507 83 299 546 499 398 433 191 663 836 494 Fastest Speed 18 | 50 80 100 90 90 90 26 26 26 26 26 26 26 26 20 20 20 20 20 18 18 18 Average Speed 48 | 80 93 104 91 90 142 64 26 26 26 26 26 26 26 24 24 20 20 20 18 18 32 Slowest Speed 650 | 90 100 120 100 90 650 165 97 29 26 26 26 26 26 26 100 24 95 20 87 87 91 Overloaded Moves . | . . . . . . . . . . . . . . . . . . . . . . Propulsion Burnouts . | . . . . . . . . . . . . . . . . . . . . . . Robots Hopped 40 | . . . . . . 1 5 . 2 2 . . . 8 6 6 . . 1 7 2 Cave-ins Triggered 1 | . . . . . . . . . . . . . . . . . . . . 1 . Teleports 1 | . . . . . . . . . . . . . . . . . . . . 1 . Exploration Rate (%) 51 | 4 72 37 54 79 86 18 20 74 24 62 74 70 57 12 75 13 45 99 23 77 56 Regions Visited 21 Branch Regions 12 Pre-discovered Areas 5 | . 1 . 1 . . . . . 1 1 . 1 . . . . . . . . . Known Exits Taken 10 | . . . . . . 1 . . 1 1 1 1 1 1 . 1 . 1 1 . . Unknown Exits Taken 9 | 1 1 1 1 1 1 . . . . . . . . . 1 . 1 . . 1 . Scrap Searched 10 | . . 2 . 1 . . . . . . 4 . 3 . . . . . . . . Spaces Dug 127 | . . . . . 7 6 4 . 7 2 5 . 9 15 3 3 20 . 19 24 3 Terrain Destroyed 189 | . . . . . 62 13 4 . 7 2 5 . 9 15 3 3 20 . 19 24 3 Melee 123 | . . . . . 7 6 4 . 7 2 5 . 9 15 2 3 17 . 19 24 3 Projectile 9 | . . . . . 5 . . . . . . . . . 1 . 3 . . . . AOE 57 | . . . . . 50 7 . . . . . . . . . . . . . . . Actions | -11 -10 -10 -10 -9 -8 -7 -6 -6 -6 -6 -6 -6 -5 -5 -5 -4 -4 -4 -3 -3 -3 --------- Run | Scr Mat Min Exi Min Mat Fac Fac Was Fac Low Low Dat Pro Fac Ext Fac Arm Lab Res Qua Sec Total 13091 | 97 680 308 181 451 1397 723 628 96 970 678 531 82 400 805 747 573 670 236 955 1210 673 Wait 1887 | . 46 55 21 116 42 24 67 1 143 95 20 . 87 211 209 135 162 . 169 263 21 Move 10010 | 70 564 237 152 323 1123 610 534 91 768 550 506 82 298 530 486 385 432 190 660 822 597 Hop 37 | . . . . . . 1 5 . 2 2 . . . 7 6 6 . . 1 5 2 Pick Up 217 | 12 11 7 3 1 45 17 5 2 12 2 . . 2 7 10 12 6 13 15 22 13 Fast Attach . | . . . . . . . . . . . . . . . . . . . . . . Attach 109 | 6 4 1 . 2 18 14 3 2 1 . . . . 2 5 7 3 10 4 14 13 Detach 4 | . . . . . 1 . . . . . . . . . . . . . 1 1 1 Swap 83 | 1 2 . 2 . 18 11 3 . 7 . . . 1 3 4 9 6 2 7 7 . Drop 150 | 1 2 . 3 . 27 24 3 . 9 2 . . 1 3 6 5 3 12 12 22 15 Fire 182 | 7 51 8 . 9 88 7 . . . . . . . . 1 . 3 . . 7 1 Melee 255 | . . . . . 35 15 8 . 9 3 5 . 11 20 15 14 23 9 32 46 10 Ram . | . . . . . . . . . . . . . . . . . . . . . . Kick . | . . . . . . . . . . . . . . . . . . . . . . Crush . | . . . . . . . . . . . . . . . . . . . . . . Escape Stasis 100 | . . . . . . . . . 18 . . . . 22 5 . . . 54 1 . Rewire 56 | . . . . . . . . . . 24 . . . . . . 32 . . . . Trap . | . . . . . . . . . . . . . . . . . . . . . . Miscellaneous 1 | . . . . . . . . . 1 . . . . . . . . . . . . Route ------- -11/Scrapyard -10/Materials (discovered 3 exits: [*Mat x2] / *Min) -10/Mines -10/Exiles -9/Mines -8/Materials (discovered 3 exits: *Fac x3) -7/Factory -6/Factory (discovered 2 exits: *Fac / *Low) -6/Waste -6/Factory (discovered 4 exits: *Fac x2 / *Low x2) -6/Lower Caves -6/Lower Caves (discovered 2 exits: *Fac / *Dat) -6/Data Miner -5/Proximity Caves -5/Factory (discovered 3 exits: Fac / [Upp] / *Ext) -5/Extension (discovered 2 exits: *Fac / [*Cet]) -4/Factory -4/Armory (discovered 3 exits: Res x2 / *Lab) -4/Lab -3/Research (discovered 2 exits: *Qua x2) -3/Quarantine (discovered 2 exits: *Res / *Sec) -3/Section 7 (discovered 1 exit: Res) History --------- Turn | Location | Event 11 | -11/Scrapyard | Discovered new exit (range 15) 92 | -11/Scrapyard | Entered Materials 316 | -10/Materials | Build established: Mutant 387 | -10/Materials | Discovered new exit (range 11) 420 | -10/Materials | Discovered new exit (range 16) 772 | -10/Materials | Discovered new exit (range 8) 837 | -10/Materials | Entered Mines 844 | -10/Mines | Core integrity fell below 50% 895 | -10/Mines | Met a Derelict who couldn't figure out how to use a Trap Extractor 986 | -10/Mines | Assisted by bots powering up and referring to "LRC-V3" 1064 | -10/Mines | Deemed a non-threat by the Exiles lab entrance 1138 | -10/Mines | Discovered new exit (range 5) 1171 | -10/Mines | Entered Exiles 1171 | -10/Exiles | Accompanied by 3 allies 1204 | -10/Exiles | Met 8R-AWN 1220 | -10/Exiles | Met EX-HEX 1252 | -10/Exiles | Met EX-DEC 1274 | -10/Exiles | Learned location of Zion (-7) 1301 | -10/Exiles | Discovered new exit (range 15) 1337 | -10/Exiles | Entered Mines 1337 | -9/Mines | Accompanied by 3 allies 1354 | -9/Mines | Met a Derelict bent on vengeance 1500 | -9/Mines | Build established: Scavenger-Mutant 1507 | -9/Mines | Assembled infested the area 1658 | -9/Mines | Core integrity fell below 20% 1761 | -9/Mines | Discovered new exit (range 10) 1769 | -9/Mines | Entered Materials 1769 | -8/Materials | Evolved 4 slots: Propulsion x2, Utility x2 2250 | -8/Materials | Lost 7 parts (1p4n2w) 2472 | -8/Materials | Build established: Mutant 2472 | -8/Materials | Discovered new exit (range 5) 2562 | -8/Materials | Core integrity fell below 50% 3102 | -8/Materials | Discovered new exit (range 15) 3138 | -8/Materials | Build established: Hauler-Mutant 3390 | -8/Materials | Discovered new exit (range 16) 3769 | -8/Materials | First assault squad dispatched 3818 | -8/Materials | Entered Factory 3818 | -7/Factory | Evolved 2 slots: Power x1, Utility x1 4264 | -7/Factory | Fabricated Imp. VTOL Module? 4349 | -7/Factory | Discovered new exit (range 16) 4360 | -7/Factory | Identified exit to Factory 4361 | -7/Factory | Entered another Factory area 4361 | -6/Factory | Evolved 2 slots: Utility x2 4449 | -6/Factory | Discovered new exit (range 10) 4475 | -6/Factory | Fabricated System Shield (x1) 4493 | -6/Factory | Identified exit to Lower Caves 4541 | -6/Factory | Found Prototype Launcher 4542 | -6/Factory | Identified Rocket Array 4594 | -6/Factory | Discovered new exit (range 12) 4597 | -6/Factory | Identified exit to Factory 4604 | -6/Factory | Sucked down chute 4604 | -6/Factory | Entered Waste 4605 | -6/Waste | Met a frightened Derelict 4612 | -6/Waste | Spotted C-40 Crusher 4613 | -6/Waste | Spotted C-40 Crusher 4617 | -6/Waste | Crushed by Compactor (1 part destroyed, 2 dropped) 4620 | -6/Waste | Spotted C-40 Crusher 4620 | -6/Waste | Spotted C-40 Crusher 4621 | -6/Waste | Spotted C-40 Crusher 4623 | -6/Waste | Found Adv. Powered Armor 4625 | -6/Waste | Spotted C-40 Crusher 4626 | -6/Waste | Discovered new exit (range 16) 4630 | -6/Waste | Identified exit to Factory 4633 | -6/Waste | Entered Factory 4710 | -6/Factory | Discovered exit to Factory (range 4) 4736 | -6/Factory | Local fabrication network quarantined 4811 | -6/Factory | Fabricated Imp. Cesium-ion Thruster? 4862 | -6/Factory | Discovered exit to Factory (range 15) 4908 | -6/Factory | Build established: Scout 5046 | -6/Factory | Entered Lower Caves 5065 | -6/Lower Caves | Attacked by a delusional Derelict stockpiling Unaware 5110 | -6/Lower Caves | Learned 4 Factory zone layouts 5204 | -6/Lower Caves | Encountered a Warlord checkpoint 5317 | -6/Lower Caves | Discovered new exit (range 11) 5320 | -6/Lower Caves | Identified exit to Lower Caves 5320 | -6/Lower Caves | Entered another Lower Caves area 5322 | -6/Lower Caves | Discovered exit to Factory (range 9) 5380 | -6/Lower Caves | Learned Factory garrison access intel 5483 | -6/Lower Caves | Discovered new exit (range 7) 5484 | -6/Lower Caves | Identified exit to Data Miner 5485 | -6/Lower Caves | Entered Data Miner 5485 | -6/Data Miner | Discovered new exit (range 7) 5490 | -6/Data Miner | Met Data Miner 5498 | -6/Data Miner | Learned location of Section 7 (-3) 5498 | -6/Data Miner | Acquired the access code to Warlord's prototype stash 5500 | -6/Data Miner | Received God Mode back door access code from Data Miner 5506 | -6/Data Miner | Identified exit to Proximity Caves 5507 | -6/Data Miner | Entered Proximity Caves 5523 | -5/Proximity Caves | Escorted by Enhanced Grunt 5698 | -5/Proximity Caves | Discovered exit to Factory (range 9) 5703 | -5/Proximity Caves | Entered Factory 5703 | -5/Factory | Evolved 2 slots: Propulsion x2 5704 | -5/Factory | Identified exit to Extension 5706 | -5/Factory | Loaded intel: 4 garrison access locations 5785 | -5/Factory | Discovered new exit (range 16) 5835 | -5/Factory | Fabricated Imp. Cesium-ion Thruster (x1) 5923 | -5/Factory | Fabricated Imp. Hacking Suite? 6000 | -5/Factory | Repaired Q-thruster 6123 | -5/Factory | Discovered new exit (range 12) 6129 | -5/Factory | Central database locked down 6133 | -5/Factory | Entered Extension 6133 | -5/Extension | Accompanied by 2 allies 6202 | -5/Extension | Repaired Imp. Cesium-ion Thruster 6211 | -5/Extension | Rescued a captive Derelict 6246 | -5/Extension | Rescued a captive Derelict 6249 | -5/Extension | Rescued a captive Derelict 6250 | -5/Extension | Rescued a captive Derelict 6256 | -5/Extension | Spotted B-75 Beast 6302 | -5/Extension | Spotted B-75 Beast 6308 | -5/Extension | Rescued A7 6412 | -5/Extension | Found Prototype Protection 6413 | -5/Extension | Identified Med. Regenerative Plating 6414 | -5/Extension | Extracted ID and sensor layout for unrecognized location from A7's data core 6426 | -5/Extension | Central database locked down 6427 | -5/Extension | Rescued a captive Derelict 6443 | -5/Extension | Incoming investigation squad redirected 6455 | -5/Extension | Rescued a captive Derelict 6455 | -5/Extension | Rescued a captive Derelict 6457 | -5/Extension | Rescued a captive Derelict 6520 | -5/Extension | Discovered new exit (range 16) 6526 | -5/Extension | Discovered new exit (range 10) 6530 | -5/Extension | Entered Factory 6530 | -4/Factory | Evolved 2 slots: Utility x2 6594 | -4/Factory | Repaired Imp. Propulsion Shielding 6744 | -4/Factory | Fabricated Exp. Sensor Array? 6817 | -4/Factory | Discovered new exit (range 11) 6819 | -4/Factory | Identified exit to Armory 6819 | -4/Factory | Entered Armory 6831 | -4/Armory | Identified exit to Research 6910 | -4/Armory | Fabricated Exp. Terrain Scan Processor? 7124 | -4/Armory | Local fabrication network quarantined 7136 | -4/Armory | Found Exp. Terrain Scan Processor 7139 | -4/Armory | Found Exp. Terrain Scan Processor 7176 | -4/Armory | Discovered new exit (range 17) 7184 | -4/Armory | Entered Lab 7184 | -4/Lab | Discovered exit to Research (range 9) 7187 | -4/Lab | Hidden lab's door opened automatically 7187 | -4/Lab | Sensor layout match revealed 7187 | -4/Lab | Unable to decrypt terminal 7188 | -4/Lab | Gained access to the hidden lab's interior 7188 | -4/Lab | Unable to decrypt terminal 7216 | -4/Lab | Found Prototype Energy Gun 7217 | -4/Lab | Identified Tachyon Dispersion Ray 7220 | -4/Lab | Found Prototype Energy Cannon 7221 | -4/Lab | Identified Warp Cannon 7225 | -4/Lab | Found Prototype Protection 7226 | -4/Lab | Identified Hvy. Regenerative Plating 7228 | -4/Lab | Found Prototype Hackware 7229 | -4/Lab | Identified Deep Network Scanner 7245 | -4/Lab | Found Alien Artifact 7246 | -4/Lab | Identified Integrated Reactor 7246 | -4/Lab | Installed Integrated Reactor, increased core energy generation (+2%) 7249 | -4/Lab | Found Alien Artifact 7250 | -4/Lab | Identified Core Regenerator 7250 | -4/Lab | Used Core Regenerator, restored core integrity (+60) 7254 | -4/Lab | Found Alien Artifact 7277 | -4/Lab | Entered Research 7277 | -3/Research | Evolved 2 slots: Propulsion x1, Utility x1 7375 | -3/Research | Identified exit to Quarantine 7514 | -3/Research | Fabricated Exp. Sensor Array (x1) 7518 | -3/Research | Build established: Hacker-Sprinter 7541 | -3/Research | Incoming investigation squad redirected 7542 | -3/Research | Incoming investigation squad redirected 7713 | -3/Research | Fabricated Lgt. Particle Reactor (x2) 7737 | -3/Research | Entered Quarantine 7768 | -3/Quarantine | Found Alien Impact Weapon 7769 | -3/Quarantine | Identified Core Stripper 7813 | -3/Quarantine | Found Alien Artifact 7814 | -3/Quarantine | Identified Matter Drive 7846 | -3/Quarantine | Cryocooling Duct disabled 7861 | -3/Quarantine | Ambient heat levels rising (+20) 7861 | -3/Quarantine | Non-combat units ordered to evacuate 7996 | -3/Quarantine | Met incapacitated Sigix Warrior 7996 | -3/Quarantine | Lockdown squad dispatched 7997 | -3/Quarantine | Acquired the access code to the Sigix quarantine chamber 7997 | -3/Quarantine | Unlocked Sigix quarantine chamber 8018 | -3/Quarantine | Found Alien Artifact 8019 | -3/Quarantine | Identified Subatomic Replicator 8076 | -3/Quarantine | Crushed by falling debris 8092 | -3/Quarantine | Spotted Alpha 7 8093 | -3/Quarantine | Discovered new exit (range 18) 8115 | -3/Quarantine | Found Alien Artifact 8124 | -3/Quarantine | Identified Hpw. Transdimensional Reconstructor 8124 | -3/Quarantine | Warped through subspace 8198 | -3/Quarantine | Found Alien Artifact 8199 | -3/Quarantine | Identified Phase Armor 8209 | -3/Quarantine | Spotted Fortress 8248 | -3/Quarantine | Discovered new exit (range 16) 8343 | -3/Quarantine | Entered Section 7 8369 | -3/Section 7 | Found Quantum Capacitor 8437 | -3/Section 7 | Spotted Alpha 7 8437 | -3/Section 7 | Spotted S7 Guard 8442 | -3/Section 7 | Found Alien Artifact 8443 | -3/Section 7 | Identified Integrated Heat Negator 8443 | -3/Section 7 | Installed Integrated Heat Negator, increased core heat dissipation (+2%) 8448 | -3/Section 7 | Spotted Alpha 7 8452 | -3/Section 7 | Found Alien Artifact 8454 | -3/Section 7 | Identified Integrated Dissipator 8454 | -3/Section 7 | Installed Integrated Dissipator, increased core heat dissipation (+2%) 8466 | -3/Section 7 | Spotted B-99 Colossus 8482 | -3/Section 7 | Found Integrated Dissipator 8483 | -3/Section 7 | Installed Integrated Dissipator, increased core heat dissipation (+2%) 8484 | -3/Section 7 | Found Integrated Dissipator 8485 | -3/Section 7 | Installed Integrated Dissipator, increased core heat dissipation (+2%) 8493 | -3/Section 7 | Identified exit to Research 8494 | -3/Section 7 | Lost 4 parts (1p2n1u) 8496 | -3/Section 7 | Found Alien Artifact 8497 | -3/Section 7 | Identified LRC Energy Well 8497 | -3/Section 7 | Installed LRC Energy Well, increased energy storage capacity (+250) 8512 | -3/Section 7 | Found Integrated Dissipator 8513 | -3/Section 7 | Installed Integrated Dissipator, increased core heat dissipation (+2%) 8527 | -3/Section 7 | Core integrity fell below 50% 8551 | -3/Section 7 | Activated Sigix Exoskeleton 8551 | -3/Section 7 | Unable to understand communications from Sigix Warrior 8557 | -3/Section 7 | Spotted Executioner 8557 | -3/Section 7 | Spotted Executioner 8561 | -3/Section 7 | Core integrity fell below 20% 8565 | -3/Section 7 | Spotted Striker 8565 | -3/Section 7 | Spotted Striker 8591 | -3/Section 7 | Lost 6 parts (4n2u) 8596 | -3/Section 7 | Spotted Executioner 8596 | -3/Section 7 | Spotted Executioner 8619 | -3/Section 7 | Destroyed by G-73 Enforcer with Heavy Laser Last Messages --------------- 08581_ Slug penetrates Sigix Warrior. 08583_ Terminal unresponsive. 08592_ Slug penetrates Sigix Warrior. 08592_ Slug penetrates Reinforced Barrier. 08598_ Penetrated by Slug. 08598_ Slug penetrates Construction Supplies. 08598_ Construction Supplies damaged. 08598_ Slug penetrates Sigix Warrior. 08598_ Slug penetrates L2 Monitoring Station. 08598_ L2 Monitoring Station destroyed. 08598_ Synergy achieved. Target locked: H-77 Assassin. 08601_ Slug penetrates Sigix Warrior. 08614_ C-30 ARC bursts open, deploying its payload. 08614_ G-73 Enforcer unfolds itself. 08614_ G-67 Veteran unfolds itself. 08614_ M-36 Artificer unfolds itself. 08614_ Exp. Terrain Scan Processor destroyed. 08616_ Synergy achieved. Target locked: H-77 Assassin. 08618_ B-74 Champion unfolds itself. 08618_ E-15 Imp unfolds itself. Map ----- +----------------------------------------------------+ | ?????????????????????????????????????????????????? | | ????????????????????????##???????????????????????? | | ???????????????????????## #############??######?? | | ??????????????????????? """"""""""#??#T T#?? | | ?????????????????????? """""""""#??" "?? | | ?????????????????????? " #### #?? | | ?????????????????????? ### | | ???????????? ????? "" | | ???????? ? ?? """ | | ??????" " "" | | ??????? " "" | | ???????" " " "" | | ???????" " "" """" | | ???????" ? " " """ "??" | | ???????" ?"" " "" "??" | | ???????" ? " " " """" "??" | | ???????" " " "?" | | ???????" ? " """"""" | | ???#???" "????" " "????" | | #??????" "????"""" " """"""" | | ###??##" """""" | | ###?#??" " X | | ####?#?" %" hY | | ####?##" """""" "" | | ##??###" "????"""" " " ? | | ##??###" "????" @ """"" ??? | | ##?###?" "??? """" " ???? | | #?##?##" """"?? ????????? | | ###?###" g " ???????? | | #######" gg " "???????? | | #######" g """ ???????? | | #######" "% "" T ????????? | | #######" """" ? ???????"??? | | ###?### "?"" "" ? ? | | ##?####" """" "" """ "" ??? | | #######"" """ "? ? | | #######""" " " "" "?""""?"" | | #######""" ""?" ""?""?"??" | | #######""" """ """ " """""""""" | | ##### # """""" "?" | | / """"" | | / "" | | " """"" " | | ! " """"" | | ##### # """ | | #####" " """"" | | " #####""" | | " #####""" | | " #####"" | | #####" """""""""" " " | +----------------------------------------------------+ Best States ------------- Heat Dissipation 166 Energy Generation 52 Energy Capacity 1355 Matter Stores 300 Matter Capacity 300 Sight Range 16 Robot Scan Range 30 Terrain Scan Range 20 Terrain Scan Density 2010 ECM Strength 3 Power Amplification 60 Armor Coverage 600 Propulsion Shielding 66 Evasion (%) 78 Melee Accuracy 10 Recoil Reduction 4 Offensive Hacking 39 Defensive Hacking 14 Item Schematics ----------------- Hacking Suite | -8/Materials | Scanalyzed System Shield | -8/Materials | Hacked Imp. VTOL Module | -8/Materials | Scanalyzed Mic. Nuclear Core | -7/Factory | Scanalyzed Imp. Cesium-ion Thruster | -7/Factory | Scanalyzed Adv. Terrain Scanner | -7/Factory | Scanalyzed Imp. Terrain Scan Processor | -7/Factory | Scanalyzed Adv. Sensor Array | -7/Factory | Scanalyzed Lrn. Sensor Array | -6/Factory | Hacked Imp. Hacking Suite | -6/Factory | Hacked Imp. System Shield | -6/Factory | Hacked Adv. Powered Armor | -6/Factory | Scanalyzed Combat Drone Bay | -6/Data Miner | Free Lgt. Regenerative Plating | -6/Data Miner | Free Exp. Flexi-carbon Leg | -6/Data Miner | Free Cmb. Gravmag System | -6/Data Miner | Free Exp. Targeting Computer | -6/Data Miner | Free Exp. ECM Suite | -6/Data Miner | Free Kinetic Spear | -6/Data Miner | Free Exp. Terrain Scanner | -5/Factory | Hacked Exp. Terrain Scan Processor | -5/Factory | Hacked Exp. Propulsion Shielding | -5/Factory | Hacked Mic. Fission Core | -5/Extension | Hacked Exp. Sensor Array | -5/Extension | Hacked Exp. Signal Interpreter | -5/Extension | Hacked Lrg. Storage Unit | -5/Extension | Hacked Exp. Weapon Shielding | -5/Extension | Hacked Lgt. Fission Core | -4/Factory | Scanalyzed Imp. Cloaking Device | -4/Armory | Hacked Adv. Particle Charger | -3/Quarantine | Scanalyzed Robot Schematics ------------------ S-27 Virus | -6/Data Miner | Free G-50 Soldier | -6/Data Miner | Free G-67 Veteran | -6/Data Miner | Free L-41 Fighter | -6/Data Miner | Free X-72 Disruptor | -6/Data Miner | Free I-36 Angel | -6/Data Miner | Free I-47 Archangel | -6/Data Miner | Free Fabricated ------------ Imp. VTOL Module | x1 | -7/Factory System Shield | x1 | -6/Factory Imp. Cesium-ion Thruster | x1 | -6/Factory Imp. Cesium-ion Thruster | x1 | -5/Factory Imp. Hacking Suite | x1 | -5/Factory Exp. Sensor Array | x1 | -4/Factory Exp. Terrain Scan Processor | x1 | -4/Armory Exp. Sensor Array | x1 | -3/Research Lgt. Particle Reactor | x2 | -3/Research | Preloaded Alien Tech Used ----------------- Integrated Reactor Core Regenerator Core Stripper Matter Drive Subatomic Replicator High-powered Transdimensional Reconstructor Phase Armor Integrated Heat Negator Integrated Dissipator LRC Energy Well Achievements -------------- Everyone Must Die Challenges ------------ None Game ------ Seed DefenseSupersonicAxe Manual? 0 Play Time 02:26:48 Cumulative 297.6 hours Start 2020.01.02 @ 21:43:05 End 2020.01.03 @ 00:37:53 Sessions 2 Manual Loads 0 Difficulty Rogue Special Mode None Game No. 333 Rogue 333 Adventurer 0 Explorer 0 Win Type - Total 5 Types 2/1/1/1/0/0/0 Lore% 68 Gallery% 86 Achievement% 65 Wizard Run 0 Options --------- ASCII 0 Keyboard 0 Movement Numpad Keybinds 0 Fullscreen 1 Font 16/Terminus Map View 75x55 Tactical HUD 1 Map Filters NONE Filters NONE Steam 1 RUN: 87db03ea-a433-42a4-9f5e-569463e0a359